 Dungeon Crawl Stone Soup version 0.24.0-13-gcf9b319 (webtiles) character file.

Game seed: 6754617088525465002, levelgen mode: deterministic

172 Balder the Shield-Bearer (level 5, 0/47 HPs)
             Began as a Minotaur Fighter on Jan 9, 2020.
             Killed from afar by an orc wizard (6 damage)
             ... with a puff of flame
             ... on level 4 of the Dungeon.
             The game lasted 00:09:14 (2356 turns).

Balder the Shield-Bearer (Minotaur Fighter)         Turns: 2356, Time: 00:09:14

Health: 0/47       AC:  9    Str: 26    XL:     5   Next: 27%
Magic:  4/4        EV:  6    Int:  5    God:
Gold:   143        SH: 10    Dex: 10    Spells: 4/4 levels left

rFire    . . .     SeeInvis .   a - +0 long sword
rCold    . . .     Gourm    .   c - +0 shield
rNeg     . . .     Faith    .   t - +0 chain mail
rPois    .         Spirit   .   (helmet restricted)
rElec    .         Reflect  .   (no cloak)
rCorr    .         Harm     .   (no gloves)
MR       .....                  (no boots)
Stlth    ..........             (no amulet)
HPRegen  0.15/turn              (no ring)
MPRegen  0.09/turn              (no ring)

@: mighty
A: retaliatory headbutt, horns 2
a: no special abilities


You were on level 4 of the Dungeon.
You were not hungry.

You visited 1 branch of the dungeon, and saw 4 of its levels.

You collected 143 gold pieces.

Inventory:

Hand Weapons
 a - a +0 long sword (weapon)
 b - a +2 hunting sling of flaming
 i - a +3 whip
 p - a +2 dagger of venom
Missiles
 e - 15 poisoned darts (quivered)
Armour
 c - a +0 shield (worn)
 n - a +2 large shield
 t - a +0 chain mail (worn)
Jewellery
 s - an uncursed amulet of faith {unknown}
 u - a +2 ring of strength {unknown}
Wands
 w - a wand of flame (16)
Scrolls
 h - 3 scrolls of remove curse {unknown}
 k - a scroll of noise {unknown}
 l - 3 scrolls of identify {unknown}
 q - 2 scrolls of amnesia {unknown}
Potions
 d - a potion of might
 g - a potion of lignification {unknown}
 j - 3 potions of haste {unknown}
 m - a potion of ambrosia {unknown}
 o - a potion of curing {unknown}
 r - a potion of agility {unknown}
Comestibles
 f - 9 rations
 v - 3 chunks of flesh


   Skills:
 * Level 4.6 Fighting
 * Level 4.0 Long Blades
 * Level 0.4 Maces & Flails
 * Level 0.3 Throwing
 * Level 4.3 Armour
 * Level 1.2 Dodging
 * Level 4.7 Shields


You had 4 spell levels left.
You didn't know any spells.
Your spell library was empty.

Dungeon Overview and Level Annotations

Branches:
Dungeon (4/15)
 Temple: D:4-7

Altars:
Fedhas


Innate Abilities, Weirdness & Mutations

You reflexively headbutt those who attack you in melee.
You have a pair of horns on your head.


Message History

The puff of frost hits you. The orc priest hits you.
You feel very mighty all of a sudden.
The orc wizard hits you with a +0 dagger.
* * * LOW HITPOINT WARNING * * *
You block the orc's attack. You block the orc wizard's attack.
The orc priest calls upon Beogh to heal the orc wizard.
The orc wizard is healed somewhat.
Your shield and chain mail prevent you from hitting the orc wizard.
The orc wizard is heavily wounded.
The orc hits you with a +0 dagger.
* * * LOW HITPOINT WARNING * * *
The orc wizard barely misses you. The orc priest hits you.
* * * LOW HITPOINT WARNING * * *
The orc hits you with a +0 dagger.
* * * LOW HITPOINT WARNING * * *
You barely miss the orc wizard.
The orc wizard is heavily wounded.
The orc wizard casts a spell at you. The puff of flame hits you.
You die...

##############
#............#
#............#######
.........[.........#
#..................#
#..................#
#..................#
#(..............@o.#
#...............oo.#
.................>.#
...................#
####...#####.......(.
#.....# #.##.#.##(
#...#..## #.##.#.<#..
#..##...# #.##.#...
.. ### #.#.# #.#


You could see an orc priest, an orc wizard and an orc.

Vanquished Creatures
  A bullfrog skeleton (D:4)
  3 gnolls (D:2)
  4 adders (D:3)
  An ooze (D:2)
  4 dart slugs
  A leopard gecko (D:2)
  A ball python (D:3)
  4 giant cockroaches
  6 goblins
  7 hobgoblins
  5 jackals
  8 kobolds
  2 quokkas (D:2)
  8 bats
  5 frilled lizards
  7 rats
67 creatures vanquished.

Notes
Turn   | Place    | Note
-------+----------+-------------------------------------------
     0 | D:1      | Balder the Minotaur Fighter began the quest for the Orb.
     0 | D:1      | Reached XP level 1. HP: 19/19 MP: 0/0
   235 | D:1      | Reached XP level 2. HP: 26/27 MP: 1/1
   860 | D:2      | Reached XP level 3. HP: 29/33 MP: 2/2
  1217 | D:2      | Reached skill level 1 in Dodging
  1217 | D:2      | Reached XP level 4. HP: 19/40 MP: 3/3
  1948 | D:3      | Found a blossoming altar of Fedhas.
  2246 | D:3      | Reached XP level 5. HP: 46/47 MP: 4/4
  2259 | D:3      | You fall into a shaft and drop 1 floor!
  2356 | D:4      | Killed from afar by an orc wizard

Levels and vault maps discovered:
D:1:      dpeg_arrival_simpleton_c, layout_loops_cross
D:2:      layout_basic
D:3:      minmay_bubble_buster, layout_loops_ring, fedhas_altar_1, first_ration,
          minivault_5
D:4:      layout_basic, overflow_temple_1_default, serial_shops,
          nicolae_shop_stone, roderic_malta_cross

Skill      XL: |  1  2  3  4  5 |
---------------+----------------+-----
Shields        | 4 |  4.7
Fighting       | 4 |  4.6
Armour         | 4 |  4.3
Long Blades    | 3 4 |  4.0
Dodging        | 1 |  1.2
Maces & Flails | |  0.4
Throwing       | |  0.3

Action                   |  1- 3 |  4- 6 || total
-------------------------+-------+-------++-------
Melee: Long sword        |    81 |    82 ||   163
       Headbutt          |    15 |    12 ||    27
Throw: Dart              |       |    12 ||    12
  Use: Potion            |       |     1 ||     1
  Eat: Chunk             |     1 |     4 ||     5
Armor: Scale mail        |    38 |    28 ||    66
       Chain mail        |       |    28 ||    28
Dodge: Dodged            |    23 |    42 ||    65
Block: Shield            |    29 |    61 ||    90
       Rpst.: Long sword |     4 |     5 ||     9
